[Event "Metz op 31th"]
[Site "Metz"]
[Date "2013.04.23"]
[Round "5"]
[White "Manolache, Marius"]
[Black "Donchenko, Alexander"]
[Result "1/2-1/2"]
[ECO "D48"]
[WhiteElo "2501"]
[BlackElo "2428"]
[Annotator "Metz Alekhine/Primel,D"]
[PlyCount "90"]
[EventDate "2013.04.20"]
[EventType "swiss"]
[EventRounds "9"]
[EventCountry "FRA"]
[SourceTitle "EXT 2016"]
[Source "ChessBase"]
[SourceDate "2015.10.08"]
[SourceVersion "1"]
[SourceVersionDate "2015.10.08"]
[SourceQuality "1"]
[TimeControl "40/5400:1800+30"]
[WhiteClock "1:30:00"]
[BlackClock "1:30:00"]

1. d4 d5 2. Nf3 Nf6 3. c4 dxc4 4. e3 e6 5. Bxc4 c5 6. O-O a6 7. Nc3 (7. a4) (7.
Bb3) (7. dxc5) (7. Qe2) 7... b5 8. Bd3 (8. Bb3) 8... Bb7 9. Qe2 Nbd7 10. Rd1
Qb8 11. h3 {Anticipe Bd6 afin de pouvoir jouer Ng5 et un relais éventuel avec
un Nc3e4} (11. e4 cxd4 12. Nxd4 Bd6 $11 {Mihaljcisin,M-Karaklajic,N YUG-ch
Zagreb 1961 (9) 1/2-1/2}) 11... Bd6 (11... Be7 12. b3 O-O 13. Bb2 cxd4 14. Nxd4
Ne5 15. Bc2 Bc5 16. Rac1 Rd8 17. Bb1 Bxd4 18. Rxd4 Rxd4 19. exd4 Ng6 20. g3 Qd6
21. Ne4 Nxe4 22. Bxe4 Bd5 23. Bxg6 hxg6 24. Qe5 Qb4 25. Qe1 Qe7 26. Qe5 a5 27.
Rc5 Qe8 28. g4 b4 29. Qe1 Qd8 30. Bc1 Qf6 31. Qe3 a4 32. Rb5 axb3 33. axb3 Qe7
34. Bd2 Ra1+ 35. Be1 Qd6 36. Qd2 Ba8 37. Rc5 Qa6 38. h4 Qb7 39. d5 exd5 40. Kf1
d4 {0-1 (40) Ikonnikov,V (2550)-Van Wely,L (2689) Spijkenisse 2011}) 12. Ng5
cxd4 13. exd4 O-O 14. a4 b4 15. Nce4 Bh2+ 16. Kf1 $146 (16. Kh1 Bf4 17. Nc5
Nxc5 18. dxc5 Qe5 19. Nf3 Qxe2 20. Bxe2 Bb8 {Romanko,M (2420)-Sukhareva,E 
(2236) RUS-ch Higher League (Women) 65th 2012 (3) 1-0} (20... Bc7)) 16... h6
17. Nf3 (17. Nxf6+ $143 Nxf6 18. Ne4 Nxe4 19. Bxe4 Bxe4 20. Qxe4 Bc7 (20... Rd8 21. g3 Bxg3 22. fxg3 Qxg3 $44)) 17... Bf4 18. Nc5 Nxc5 19. dxc5
Rc8 20. Bxf4 Qxf4 21. Rac1 Rc7 (21... Bxf3) 22. Rc4 Bxf3 23.
Qxf3 Qxf3 24. gxf3 a5 25. c6 $1 (25. Rdc1 Rac8
$132) 25... Kf8 26. Rc5 Ke7 27. Rdc1 Nd5 28. Bb5 Kd6 {
[%cal Gd5e7,Ge7c6,Ga8c8] Le P"c6" est sous pression mais les Noirs auront
néanmoins du mal à le gagner} 29. R5c4 Rcc8 (29...
Ne7 30. Rd1+) (29... Rac8 30. Ba6) 30. h4 h5 (30... g5 $5 31. hxg5 hxg5 ) 31. Rd4 Kc7 $1 {[%cal Gc8d8,Gd8d6,Ga8d8,Gd5e7] Les Noirs
renoncent provisoirement à gagner le P et le Kc7 est bien placé. Le paln des
Noirs va être maintenant de doubler les R sur la colonne "d" et après le
coup Ne7 d'échanger les R} 32. Ke2 (32. f4 Rd8 33. f5 $5 exf5 34. Re1 $44 Rd6 35. Kg2 (35. Rxd5 Rxd5 36. Re7+ Kb6 37.
Rxf7 Ra7) 35... Rad8 36. Kf3) 32... Rd8 33. Rg1 g6 34. Rgd1 Rd6 $17 35. f4 Rad8
36. Kf3 (36. R1d3 Ne7) 36... Ne7 $40 37. Rxd6 Rxd6 38. Rxd6 Kxd6 39. c7 Kxc7
40. Be8 f6 $4 (40... Nf5 41. Bxf7 Kd7 $1 {[%csl Rf7][%cal Gd7e7] Enferme le B}
42. Ke2 (42. Ke4 Nd6+) (42. Bxg6 Nxh4+) 42... Nxh4 ) 41. Ke4 Kd6
42. b3 Kc5 $2 (42... f5+ 43. Kd4 Nd5 44. Bxg6 Nxf4) 43. Bf7 Kd6 44. Be8 Kc7 45.
Kd3 Nd5 1/2-1/2